 Dungeon Crawl Stone Soup version 0.28-a0-1518-gbe868bca14 (webtiles) character file.

Game seed: 7845540458219590759

8 knot the Chopper (level 2, 9/24 HPs)
             Began as a Demonspawn Berserker on Jan 17, 2022.
             Was a Follower of Trog.
             Quit the game on level 1 of the Dungeon.
             The game lasted 00:00:20 (46 turns).

knot the Chopper (Demonspawn Berserker)               Turns: 46, Time: 00:00:20

Health: 9/24       AC:  4    Str: 17    XL:     2   Next: 0%
Magic:  2/2        EV: 12    Int:  8    God:    Trog [*.....]
Gold:   0          SH:  0    Dex: 12    Spells: 1/1 levels left

rFire   . . .      SeeInvis .   a - +0 hand axe
rCold   . . .      Faith    .   (no shield)
rNeg    . . .      Spirit   .   b - +0 animal skin
rPois   .          Reflect  .   (no helmet)
rElec   .          Harm     .   (no cloak)
rCorr   .          Rampage  .   (no gloves)
Will    .....                   (no boots)
Stlth   +.........              (no amulet)
HPRegen 0.08/turn               (no ring)
MPRegen 0.08/turn               (no ring)

@: on berserk cooldown, slowed, very slow
A: yellow scales 1
a: Renounce Religion, Berserk


You were on level 1 of the Dungeon.
You worshipped Trog.
Trog was aware of your devotion.
You visited 1 branch of the dungeon, and saw 1 of its levels.

Inventory:

Hand Weapons
 a - a +0 hand axe (weapon)
Armour
 b - a +0 animal skin (worn)


   Skills:
 - Level 3.0 Fighting
 + Level 3.2 Axes
 - Level 1.7 Armour
 - Level 1.7 Dodging


You had one spell level left.
You didn't know any spells.
Your spell library was empty.

Dungeon Overview and Level Annotations

Branches:
Dungeon (1/15)

Altars:


Innate Abilities, Weirdness & Mutations

You are partially covered in yellow scales. (AC +2)


Message History

You slash the ball python!
You kill the ball python!
Trog accepts your kill.
You closely miss the rat.
A ball python comes into view.
The rat bites you.
A kobold comes into view. It is wielding a +0 dagger.
Your Axes skill increases to level 3!
A red film seems to cover your vision as you go berserk!
You feel yourself moving faster!
You feel mighty! The kobold closely misses you. The rat bites you.
You are too injured to fight recklessly!
You are too injured to fight recklessly!
You are too injured to fight recklessly!
You slash the kobold!
You kill the kobold!
Trog accepts your kill.
You barely miss the rat. The rat closely misses you.
Unknown command.
You slash the rat!
You kill the rat!
Trog accepts your kill.
A bat comes into view.
A kobold comes into view.
It is wielding a +2 short sword of speed.
The bat moves out of view.
You feel a strong urge to attack something.
You feel your anger nearly subside.
You are no longer berserk.
You are exhausted.
You feel yourself slow down. The ball python barely misses you.
The ball python closely misses you.
You barely miss the ball python. The ball python bites you.
The ball python misses you. The ball python closely misses you.
The ball python grabs you. The ball python constricts you.
You hit the ball python.
You kill the ball python!
Trog accepts your kill.
You have reached level 2!
Your demonic ancestry asserts itself...
Yellow scales grow over part of your body.
Are you sure you want to abandon this character and quit the game? (Confirm with "yes".)

. .. .. #.######
.##......####### .
...........@K..#####....
..##♣♣♣.♣♣♣##...........
♣⌠♣ #..#####....
..♣♣♣♣♣.♣♣♣♣♣..###.... .
.....⌠.<.⌠...K.....#
..♣♣♣♣♣.♣♣♣♣♣..##### ♣⌠♣
#..# ♣.♣♣♣##..#
.......$.#


You could see a kobold.

Vanquished Creatures
  A dart slug (D:1)
  2 ball pythons (D:1)
  A kobold (D:1)
  A bat (D:1)
  A rat (D:1)
6 creatures vanquished.

Notes
Turn   | Place    | Note
-------+----------+-------------------------------------------
     0 | D:1      | knot the Demonspawn Berserker began the quest for the Orb.
     0 | D:1      | Reached XP level 1. HP: 18/18 MP: 1/1
    46 | D:1      | Gained mutation: You are partially covered in yellow
                  | scales. (AC +2) [demonic ancestry]
    46 | D:1      | Reached XP level 2. HP: 9/24 MP: 2/2
    46 | D:1      | Quit the game

Illustrated notes

Levels and vault maps discovered:
D:1:      scummos_arrival_forest, layout_rooms

Skill      XL: |  1 |
---------------+----+-----
Axes           | 3 |  3.2
Fighting       | |  3.0
Armour         | |  1.7
Dodging        | |  1.7

Action                   || total
-------------------------++-------
Melee: Hand axe          ||    13
       Punch             ||     1
Invok: Berserk           ||     1
Dodge: Dodged            ||    16

Table legend: (Time is in decaauts)
 A = Elapsed time spent in this place.
 B = Non-inter-level travel time spent in this place.
 C = Inter-level travel time spent in this place.
 D = Time resting spent in this place.
 E = Time spent auto-exploring this place.
 F = Levels seen in this place.
 G = Mean time per level.
                   A        B        C        D        E       F      G
               +--------+--------+--------+--------+--------+-----+--------+
         Total |     50 |     50 |      0 |      0 |     14 |   1 |   50.0 |
       Dungeon |     50 |     50 |      0 |      0 |     14 |   1 |   50.0 |
               +--------+--------+--------+--------+--------+-----+--------+

Top non-repeatable levels by time:
     D:1: 50 daAuts
